Map: Arctic Dream LE

Players

James

  • Race: Terran Terran
  • League: Gold
  • Spawn Location: 6:00

Pierre

  • Race: Zerg Zerg
  • League: Platinum
  • Spawn Location: 5:00

qqq - Winner!

  • Race: Zerg Zerg
  • League: Platinum
  • Spawn Location: 12:00

Massa - Winner!

  • Race: Terran Terran
  • League: Gold
  • Spawn Location: 11:00

VOD

Have the link to the VOD?

Description

Time

  • Played on: June 8, 2020, 12:11 p.m.
  • Length: 5:17
Show
View Real Time Build Order
Export as new Build Order

James Terran 

Build Orders:  

Get SALT Encoding   

  12  0:01  SCV  
  13  0:13  SCV  
  14  0:21  Supply Depot  
  14  0:25  SCV  
  15  0:43  SCV  
  15  0:45  Barracks  
  15  0:47  Refinery  
  16  0:55  SCV  
  17  1:07  SCV  
  18  1:24  Barracks  
  17  1:37  SCV  
  18  1:40  Reaper  
  18  1:46  Supply Depot  
  19  1:50  Orbital Command  
  19  1:54  Refinery  
  19  2:10  Barracks Tech Lab  
  19  2:17  Barracks  
  19  2:40  Factory  
  19  2:42  Concussive Shells  
  19  2:46  Marauder  
  21  3:03  Barracks  
  20  3:15  Barracks Reactor, SCV  
  21  3:26  Barracks Reactor  
  21  3:27  SCV, Marauder  
  24  3:36  Bunker  
  24  3:39  SCV  
  27  3:51  SCV  
Show
View Real Time Build Order
Export as new Build Order

Pierre Zerg 

Build Orders: Hatch First, Zergling Baneling 

Get SALT Encoding   

  12  0:02  Drone  
  13  0:13  Overlord  
  13  0:16  Drone  
  14  0:31  Drone x2  
  14  0:35  Drone  
  17  0:53  Hatchery  
  17  0:57  Drone  
  17  1:00  Drone  
  18  1:11  Extractor  
  18  1:15  Spawning Pool  
  18  1:17  Drone  
  17  1:22  Drone  
  19  1:32  Drone  
  19  1:40  Overlord  
  19  1:50  Overlord  
  19  2:02  Overlord  
  19  2:03  Queen  
  19  2:05  Queen  
  23  2:12  Drone x2  
  25  2:16  Extractor  
  25  2:18  Drone  
  25  2:23  Drone  
  25  2:27  Baneling Nest  
  25  2:30  Drone  
  25  2:36  Metabolic Boost  
  26  2:41  Drone  
  27  2:47  Drone  
  27  2:48  Drone  
  29  3:05  Zergling x6  
  32  3:13  Drone x2  
  32  3:16  Drone x3  
  32  3:19  Zergling x4  
  39  3:23  Zergling x2  
  40  3:28  Zergling x2  
  40  3:29  Zergling x2  
  42  3:35  Zergling x4  
  44  3:45  Lair  
  44  4:00  Baneling x5  
  44  4:01  Baneling x8  
  44  4:02  Baneling  
  44  4:08  Zergling x12  
  44  4:09  Zergling x4  
  52  4:11  Overlord x2  
  52  4:27  Overlord x3  
  45  4:36  Zergling x8  
  42  4:45  Zergling x6  
  32  4:59  Zergling x6  
Show
View Real Time Build Order
Export as new Build Order

qqq Zerg - Winner!

Build Orders: Hatch First, Zergling Baneling 

Get SALT Encoding   

  12  0:02  Drone  
  13  0:08  Drone  
  14  0:34  Hatchery  
  13  0:51  Spawning Pool  
  12  0:58  Overlord  
  12  1:03  Drone  
  13  1:06  Drone  
  14  1:17  Extractor, Drone  
  14  1:26  Drone  
  14  1:31  Drone  
  16  1:38  Queen  
  18  1:46  Queen  
  20  1:51  Drone  
  21  1:57  Zergling x2  
  21  1:58  Drone  
  23  2:03  Zergling x2  
  23  2:07  Drone  
  25  2:10  Drone  
  26  2:20  Zergling x2  
  27  2:23  Drone  
  28  2:30  Metabolic Boost  
  28  2:33  Overlord  
  28  2:40  Overlord  
  28  2:45  Overlord  
  28  2:56  Zergling x6  
  31  3:02  Zergling x4, Baneling Nest  
  32  3:06  Drone  
  32  3:08  Zergling x2  
  34  3:14  Zergling x2  
  34  3:15  Drone  
  36  3:28  Drone, Zergling x2  
  36  3:29  Zergling x4  
  36  3:31  Zergling x2  
  36  3:33  Overlord  
  41  3:38  Drone  
  41  3:40  Zergling x2  
  43  3:42  Zergling x2  
  43  3:44  Zergling x2  
  45  3:57  Zergling x8  
  45  3:58  Zergling x2  
  45  3:59  Drone  
  51  4:05  Baneling x2  
  51  4:06  Baneling x3  
  51  4:13  Zergling x2  
  51  4:14  Drone, Zergling x2  
  54  4:20  Baneling x3  
  54  4:30  Zergling x4  
  54  4:31  Zergling x4  
  51  4:42  Zergling x4  
Show
View Real Time Build Order
Export as new Build Order

Massa Terran - Winner!

Build Orders:  

Get SALT Encoding   

  12  0:11  Supply Depot  
  12  0:14  SCV  
  13  0:26  SCV  
  14  0:33  Barracks  
  14  0:38  SCV  
  15  0:50  SCV  
  15  0:52  Supply Depot  
  16  1:02  SCV  
  17  1:07  Barracks  
  17  1:16  SCV  
  18  1:24  Marine  
  19  1:38  SCV  
  20  1:41  Marine  
  21  1:50  SCV  
  22  2:02  Supply Depot  
  22  2:18  Marine x2  
  22  2:22  Barracks  
  24  2:25  Barracks  
  24  2:31  Refinery  
  24  2:36  Marine x2  
  26  2:42  Supply Depot  
  25  2:54  Marine x2  
  27  3:03  Orbital Command  
  27  3:11  Marine x2  
  29  3:13  Marine x2, Supply Depot  
  31  3:21  Supply Depot  
  31  3:29  Marine x2  
  31  3:30  Marine  
  31  3:31  Marine  
  35  3:38  SCV  
  36  3:47  Marine x2  
  38  3:48  Marine x2  
  39  4:05  Marine x2  
  39  4:06  Marine x2  
  43  4:23  Marine x2  
  45  4:24  Marine x2  
  47  4:33  Factory  
  47  4:40  Marine  
  47  4:41  Marine  
  47  4:42  Marine x2  
Tags
 
Add a new tag
Caveats
  • Supply blocks, unpowered buildings, or Contaminate may cause inaccurate times.
  • Supply counts are checked every 10 seconds.